EVO
UNIVERSITY OF SOUTH CAROLINA GAMECOCKS @ STANFORD UNIVERSITY CARDINAL
11/08/2049
 
TOP OF THE 1ST
University of North Carolina at Chapel Hill Tar Heels batting - Pitching for Stanford University Cardinal : RHP Juvas Tanuja
Pitching: RHP Juvas Tanuja
Batting: RHB Bill Atley 0-0: Ball
1-0: Ball
2-0: Called Strike
2-1: Called Strike
2-2: SINGLE (Groundball, 4MS, EV 69.4 MPH) (infield hit)
Batting: SHB Sam Fredrick 0-0: Grounds out, U3 (Groundball, 3L, EV 88.1 MPH)
Batting: LHB Ryan Young 0-0: Called Strike
0-1: Called Strike
0-2: Ball
1-2: Ball
2-2: Ground out 4-3 (Groundball, 4, EV 81.9 MPH)
Bill Atley to third
Batting: RHB Jeremy Rollins 0-0: Called Strike
0-1: Swinging Strike
0-2: Ball
1-2: SINGLE (Line Drive, 9LM, EV 91.2 MPH)
Bill Atley scores
Batting: SHB Ryan Marsh 0-0: Called Strike
0-1: Ball
1-1: Foul Ball, location: 2F
1-2: Ball
2-2: Strikes out swinging
Top of the 1st over - 1 run, 2 hits, 0 errors, 1 left on base; University of North Carolina at Chapel Hill 1 - Stanford University 0
BOTTOM OF THE 1ST
Stanford University Cardinal batting - Pitching for University of North Carolina at Chapel Hill Tar Heels : LHP Francisco Guerra
Pitching: LHP Francisco Guerra
Batting: RHB John Van der Linden 0-0: Foul Ball, location: 2F
0-1: Ball
1-1: Foul Ball, location: 2F
1-2: Strikes out swinging
Batting: RHB Joe Gabriel 0-0: Swinging Strike
0-1: Ball
1-1: Ball
2-1: Swinging Strike
2-2: Ball
3-2: Ground out 4-3 (Groundball, 4M, EV 76.2 MPH)
Batting: LHB Jason Duda 0-0: Ball
1-0: Ball
2-0: Fly out, F5 (Popup, 5F, EV 80.0 MPH)
Bottom of the 1st over - 0 runs, 0 hits, 0 errors, 0 left on base; University of North Carolina at Chapel Hill 1 - Stanford University 0
TOP OF THE 2ND
University of North Carolina at Chapel Hill Tar Heels batting - Pitching for Stanford University Cardinal : RHP Juvas Tanuja
Batting: RHB Tan Halit 0-0: Called Strike
0-1: Ball
1-1: Swinging Strike
1-2: Fly out, F7 (Flyball, 7, EV 73.8 MPH)
Batting: RHB Mike Storey 0-0: Ground out 6-3 (Groundball, 6, EV 76.9 MPH)
Batting: SHB Jim Saxon 0-0: Ball
1-0: Ball
2-0: Ball
3-0: Base on Balls
Batting: RHB Tony Jennings 0-0: Swinging Strike
0-1: Fly out, F9 (Flyball, 9LS, EV 76.2 MPH)
Top of the 2nd over - 0 runs, 0 hits, 0 errors, 1 left on base; University of North Carolina at Chapel Hill 1 - Stanford University 0
BOTTOM OF THE 2ND
Stanford University Cardinal batting - Pitching for University of North Carolina at Chapel Hill Tar Heels : LHP Francisco Guerra
Batting: RHB Nick Maxwell 0-0: Swinging Strike
0-1: Foul Ball, location: 2F
0-2: Ball
1-2: Strikes out swinging
Batting: LHB Chien Sam 0-0: Ball
1-0: Ball
2-0: Swinging Strike
2-1: Foul Ball, location: 2F
2-2: Foul Ball, location: 2F
2-2: Fly out, F9 (Flyball, 9S, EV 95.0 MPH)
Batting: RHB Teh-huai Jiang 0-0: Foul Ball, location: 2F
0-1: Ball
1-1: Foul Ball, location: 2F
1-2: Strikes out swinging
Bottom of the 2nd over - 0 runs, 0 hits, 0 errors, 0 left on base; University of North Carolina at Chapel Hill 1 - Stanford University 0
TOP OF THE 3RD
University of North Carolina at Chapel Hill Tar Heels batting - Pitching for Stanford University Cardinal : RHP Juvas Tanuja
Batting: RHB Bill Atley 0-0: Ball
1-0: Called Strike
1-1: Swinging Strike
1-2: DOUBLE (Line Drive, 9LD, EV 105.0 MPH)
Batting: SHB Sam Fredrick 0-0: Called Strike
0-1: Ball
1-1: Called Strike
1-2: Strikes out looking
Batting: LHB Ryan Young 0-0: Called Strike
0-1: Ball
1-1: Called Strike
1-2: Ball
2-2: Foul Ball, location: 2F
2-2: Foul Ball, location: 2F
2-2: Ball
3-2: Foul Ball, location: 2F
3-2: Ground out 5-3 (Groundball, 56S, EV 67.5 MPH)
Bill Atley to third
Batting: RHB Jeremy Rollins 0-0: Called Strike
0-1: Foul Ball, location: 2F
0-2: Fly out, F9 (Flyball, 89D, EV 92.5 MPH)
Top of the 3rd over - 0 runs, 1 hit, 0 errors, 1 left on base; University of North Carolina at Chapel Hill 1 - Stanford University 0
BOTTOM OF THE 3RD
Stanford University Cardinal batting - Pitching for University of North Carolina at Chapel Hill Tar Heels : LHP Francisco Guerra
Batting: RHB Gary Preston 0-0: Ball
1-0: Ball
2-0: Foul Ball, location: 2F
2-1: SINGLE (Line Drive, 8RS, EV 93.1 MPH)
Batting: LHB Danny Roberts 0-0: Fly out, F7 (Flyball, 78S, EV 80.0 MPH)
Batting: LHB Bryan Davidson 0-0: Called Strike
0-1: Called Strike
0-2: Ball
1-2: Ball
2-2: Fly out, F5 (Popup, 6S, EV 80.6 MPH)
Batting: RHB John Van der Linden 0-0: Ball
1-0: Called Strike
1-1: Foul Ball, location: 2F
1-2: Ball
2-2: Ball
3-2: Base on Balls
Gary Preston to second
Batting: RHB Joe Gabriel 0-0: Foul Ball, location: 2F
0-1: Ball
1-1: Swinging Strike
1-2: Ground out 1-3 (Groundball, 34S, EV 64.4 MPH)
Bottom of the 3rd over - 0 runs, 1 hit, 0 errors, 2 left on base; University of North Carolina at Chapel Hill 1 - Stanford University 0
TOP OF THE 4TH
University of North Carolina at Chapel Hill Tar Heels batting - Pitching for Stanford University Cardinal : RHP Juvas Tanuja
Batting: SHB Ryan Marsh 0-0: Called Strike
0-1: Ball
1-1: SOLO HOME RUN (Flyball, 9LD, EV 93.8 MPH), Distance : 343 ft
Batting: RHB Tan Halit 0-0: Fly out, F9 (Flyball, 9S, EV 85.6 MPH)
Batting: RHB Mike Storey 0-0: Ball
1-0: Foul Ball, location: 2F
1-1: Ball
2-1: Ball
3-1: Base on Balls
Batting: SHB Jim Saxon 0-0: Ball
1-0: SINGLE (Groundball, 34, EV 111.2 MPH)
Mike Storey to second
Runner from 2nd tries for 3rd, SAFE, no throw by RF
Batting: RHB Tony Jennings 0-0: Ball
1-0: SINGLE (Groundball, 56, EV 108.1 MPH)
Mike Storey scores
Jim Saxon to second
Batting: RHB Bill Atley 0-0: Swinging Strike
0-1: Ball
1-1: Swinging Strike
1-2: SINGLE (Line Drive, 34, EV 96.9 MPH)
Jim Saxon to third
Tony Jennings to second
Batting: SHB Sam Fredrick 0-0: Called Strike
0-1: SINGLE (Groundball, 4M, EV 95.6 MPH)
Jim Saxon scores
Tony Jennings to third
Bill Atley to second
Batting: LHB Ryan Young 0-0: Ball
1-0: Grounds into fielders choice 1-2 (Groundball, 34S, EV 63.8 MPH)
Bill Atley to third
Sam Fredrick to second
Batting: RHB Jeremy Rollins 0-0: Ball
1-0: Ball
2-0: Ball
3-0: Called Strike
3-1: Fly out, F7 (Line Drive, 7, EV 95.6 MPH)
Top of the 4th over - 3 runs, 5 hits, 0 errors, 3 left on base; University of North Carolina at Chapel Hill 4 - Stanford University 0
BOTTOM OF THE 4TH
Stanford University Cardinal batting - Pitching for University of North Carolina at Chapel Hill Tar Heels : LHP Francisco Guerra
Batting: LHB Jason Duda 0-0: Called Strike
0-1: Ball
1-1: Swinging Strike
1-2: Strikes out swinging
Batting: RHB Nick Maxwell 0-0: SINGLE (Line Drive, 9S, EV 95.6 MPH)
Batting: LHB Chien Sam 0-0: Foul Ball, location: 2F
0-1: Ball
1-1: Ball
2-1: Fly out, F7 (Flyball, 7, EV 91.9 MPH)
Batting: RHB Teh-huai Jiang 0-0: Called Strike
0-1: Foul Ball, location: 7LSF, Error on foul ball, E7
0-2: Foul Ball, location: 2F
0-2: SINGLE (Flyball, 7S, EV 91.9 MPH)
Nick Maxwell to second
Batting: RHB Gary Preston 0-0: Ball
1-0: Ball
2-0: Called Strike
2-1: Foul Ball, location: 2F
2-2: Ball
3-2: Foul Ball, location: 2F
3-2: Foul Ball, location: 2F
3-2: Foul Ball, location: 2F
3-2: Foul Ball, location: 2F
3-2: Fly out, F7 (Flyball, 7LS, EV 79.4 MPH)
Bottom of the 4th over - 0 runs, 2 hits, 1 error, 2 left on base; University of North Carolina at Chapel Hill 4 - Stanford University 0
TOP OF THE 5TH
University of North Carolina at Chapel Hill Tar Heels batting - Pitching for Stanford University Cardinal : RHP Juvas Tanuja
Batting: SHB Ryan Marsh 0-0: Called Strike
0-1: Ball
1-1: Ball
2-1: Swinging Strike
2-2: Strikes out swinging
Pitching: RHP Kyle Cannon
Batting: RHB Tan Halit 0-0: Foul Ball, location: 2F
0-1: Foul Ball, location: 2F
0-2: Ball
1-2: SINGLE (Groundball, 4M, EV 100.0 MPH) (infield hit)
Batting: RHB Mike Storey 0-0: Ball
1-0: Ball
2-0: Foul Ball, location: 2F
2-1: Ball
3-1: Fly out, F8 (Flyball, 8RXD, EV 86.2 MPH)
Batting: SHB Jim Saxon 0-0: Foul Ball, location: 2F
0-1: Ball
1-1: Ball
2-1: Ball
3-1: Fielders Choice at 2nd, 5-4 (Groundball, 56, EV 99.4 MPH)
Top of the 5th over - 0 runs, 1 hit, 0 errors, 1 left on base; University of North Carolina at Chapel Hill 4 - Stanford University 0
BOTTOM OF THE 5TH
Stanford University Cardinal batting - Pitching for University of North Carolina at Chapel Hill Tar Heels : LHP Francisco Guerra
Batting: LHB Danny Roberts 0-0: Called Strike
0-1: Called Strike
0-2: Ball
1-2: Foul Ball, location: 2F
1-2: Foul Ball, location: 2F
1-2: Ball
2-2: Ball
3-2: Foul Ball, location: 2F
3-2: Strikes out swinging, 2-3 out at first.
Batting: LHB Bryan Davidson 0-0: Ball
1-0: Ball
2-0: Called Strike
2-1: Ball
3-1: Called Strike
3-2: Foul Ball, location: 2F
3-2: Foul Ball, location: 2F
3-2: Base on Balls
Pitching: RHP Jayden Whittick
Batting: RHB John Van der Linden 0-0: Ball
1-0: Ball
2-0: Called Strike
2-1: Ball
3-1: Base on Balls
Bryan Davidson to second
Batting: RHB Joe Gabriel 0-0: Called Strike
0-1: Ball
1-1: Fly out, F8 (Line Drive, 78D, EV 95.6 MPH)
Batting: LHB Jason Duda 0-0: Foul Ball, location: 2F
0-1: Ball
1-1: Ball
2-1: Ball
3-1: Foul Ball, location: 2F
3-2: 3-RUN HOME RUN (Flyball, 9LD, EV 88.8 MPH), Distance : 330 ft
Batting: RHB Nick Maxwell 0-0: Fly out, F7 (Flyball, 78M, EV 91.9 MPH)
Bottom of the 5th over - 3 runs, 1 hit, 0 errors, 0 left on base; University of North Carolina at Chapel Hill 4 - Stanford University 3
TOP OF THE 6TH
University of North Carolina at Chapel Hill Tar Heels batting - Pitching for Stanford University Cardinal : RHP Kyle Cannon
Batting: RHB Tony Jennings 0-0: Ball
1-0: Ball
2-0: SINGLE (Line Drive, 8LS, EV 109.4 MPH)
Batting: RHB Bill Atley 0-0: Called Strike
0-1: Ball
1-1: Grounds into double play, 4-6-3 (Groundball, 4, EV 87.5 MPH)
Batting: SHB Sam Fredrick 0-0: Ball
1-0: Ball
2-0: Fly out, F9 (Line Drive, 8RM, EV 90.6 MPH)
Top of the 6th over - 0 runs, 1 hit, 0 errors, 0 left on base; University of North Carolina at Chapel Hill 4 - Stanford University 3
BOTTOM OF THE 6TH
Stanford University Cardinal batting - Pitching for University of North Carolina at Chapel Hill Tar Heels : RHP Jayden Whittick
Batting: LHB Chien Sam 0-0: Ball
1-0: Called Strike
1-1: Ball
2-1: Fly out, F7 (Line Drive, 7, EV 87.5 MPH)
Pitching: RHP Ted Hurley
Batting: RHB Teh-huai Jiang 0-0: Ball
1-0: Fly out, F8 (Flyball, 8RD, EV 93.1 MPH)
Batting: RHB Gary Preston 0-0: Ball
1-0: SINGLE (Flyball, 89S, EV 93.1 MPH)
Batting: LHB Danny Roberts 0-0: Called Strike
0-1: Ball
1-1: Ground out U3 (Groundball, 34, EV 106.2 MPH)
Bottom of the 6th over - 0 runs, 1 hit, 0 errors, 1 left on base; University of North Carolina at Chapel Hill 4 - Stanford University 3
TOP OF THE 7TH
University of North Carolina at Chapel Hill Tar Heels batting - Pitching for Stanford University Cardinal : RHP Kyle Cannon
Pitching: LHP Carlton Hookway
Batting: LHB Ryan Young 0-0: Ball
1-0: SINGLE (Line Drive, 8LS, EV 104.4 MPH)
Batting: RHB Jeremy Rollins 0-0: Ball
1-0: Ball
2-0: Called Strike
2-1: Ball
3-1: Called Strike
3-2: DOUBLE (Flyball, 78XD, EV 105.6 MPH)
Ryan Young to third
Batting: SHB Ryan Marsh 0-0: Ball
1-0: Foul Ball, location: 2F
1-1: Foul Ball, location: 2F
1-2: Fly out, F7 (Flyball, 7, EV 85.0 MPH)
Runner from 3rd tags up, SCORES, throw by LF
Jeremy Rollins to third
Batting: RHB Tan Halit 0-0: Ball
1-0: Swinging Strike
1-1: Foul Ball, location: 2F
1-2: Foul Ball, location: 2F
1-2: Ball
2-2: Strikes out swinging
Batting: RHB Mike Storey 0-0: Ball
1-0: SINGLE (Groundball, 56D, EV 103.8 MPH)
Jeremy Rollins scores
Batting: SHB Jim Saxon 0-0: Called Strike
0-1: Ball
1-1: SINGLE (Flyball, 4D, EV 85.6 MPH)
Mike Storey to second
Runner from 2nd tries for 3rd, SAFE, no throw by CF
Pitching: RHP Eddie Georges
Batting: RHB Tony Jennings 0-0: Ball
1-0: Ball
2-0: Ground out 6-3 (Groundball, 6MS, EV 87.5 MPH)
Top of the 7th over - 2 runs, 4 hits, 0 errors, 2 left on base; University of North Carolina at Chapel Hill 6 - Stanford University 3
BOTTOM OF THE 7TH
Stanford University Cardinal batting - Pitching for University of North Carolina at Chapel Hill Tar Heels : RHP Ted Hurley
Batting: LHB Bryan Davidson 0-0: Called Strike
0-1: Foul Ball, location: 2F
0-2: Ball
1-2: Fly out, F9 (Flyball, 9LS, EV 86.9 MPH)
Batting: RHB John Van der Linden 0-0: Ball
1-0: Ground out 3-1 (Groundball, 34, EV 86.9 MPH)
Batting: RHB Joe Gabriel 0-0: Ball
1-0: SINGLE (Line Drive, 9S, EV 91.9 MPH)
Batting: LHB Jason Duda 0-0: Called Strike
0-1: Ball
Wild Pitch!
Joe Gabriel to second
1-1: Ball
2-1: Fly out, F8 (Flyball, 8RXD, EV 83.1 MPH)
Bottom of the 7th over - 0 runs, 1 hit, 0 errors, 1 left on base; University of North Carolina at Chapel Hill 6 - Stanford University 3
TOP OF THE 8TH
University of North Carolina at Chapel Hill Tar Heels batting - Pitching for Stanford University Cardinal : RHP Eddie Georges
Batting: RHB Bill Atley 0-0: Called Strike
0-1: Ball
1-1: Ball
2-1: Foul Ball, location: 2F
2-2: Fly out, F7 (Flyball, 7, EV 96.2 MPH)
Batting: SHB Sam Fredrick 0-0: Ball
1-0: Ball
2-0: Called Strike
2-1: Foul Ball, location: 2F
2-2: Ball
3-2: Strikes out swinging
Batting: LHB Ryan Young 0-0: Fly out, F8 (Flyball, 8LD, EV 101.2 MPH)
Top of the 8th over - 0 runs, 0 hits, 0 errors, 0 left on base; University of North Carolina at Chapel Hill 6 - Stanford University 3
BOTTOM OF THE 8TH
Stanford University Cardinal batting - Pitching for University of North Carolina at Chapel Hill Tar Heels : RHP Ted Hurley
Batting: RHB Nick Maxwell 0-0: Foul Ball, location: 2F
0-1: Fly out, F7 (Flyball, 7D, EV 86.9 MPH)
Batting: LHB Chien Sam 0-0: Ball
1-0: Ground out 6-3 (Groundball, 6, EV 78.8 MPH)
Batting: RHB Teh-huai Jiang 0-0: Swinging Strike
0-1: Ball
1-1: Ball
2-1: Called Strike
2-2: Ball
3-2: Ground out 5-3 (Groundball, 56S, EV 68.8 MPH)
Bottom of the 8th over - 0 runs, 0 hits, 0 errors, 0 left on base; University of North Carolina at Chapel Hill 6 - Stanford University 3
TOP OF THE 9TH
University of North Carolina at Chapel Hill Tar Heels batting - Pitching for Stanford University Cardinal : RHP Eddie Georges
Pitching: RHP Cam Hurley
Batting: RHB Jeremy Rollins 0-0: Foul Ball, location: 2F
0-1: Swinging Strike
0-2: Foul Ball, location: 2F
0-2: Ball
1-2: Ball
2-2: Foul Ball, location: 2F
2-2: Foul Ball, location: 2F
2-2: DOUBLE (Flyball, 7LD, EV 98.1 MPH)
Batting: SHB Ryan Marsh 0-0: Intentional Walk
Batting: RHB Tan Halit 0-0: Foul Ball, location: 2F
0-1: Fielders Choice at 2nd, 5-4 (Groundball, 56S, EV 81.2 MPH)
Jeremy Rollins to third
Batting: RHB Mike Storey 0-0: Called Strike
0-1: Swinging Strike
0-2: Ball
1-2: Ball
2-2: Strikes out swinging
Batting: SHB Jim Saxon 0-0: Called Strike
0-1: Ball
1-1: Foul Ball, location: 2F
1-2: Ball
2-2: Strikes out swinging, 2-3 out at first.
Top of the 9th over - 0 runs, 1 hit, 0 errors, 2 left on base; University of North Carolina at Chapel Hill 6 - Stanford University 3
BOTTOM OF THE 9TH
Stanford University Cardinal batting - Pitching for University of North Carolina at Chapel Hill Tar Heels : RHP Ted Hurley
Pitching: RHP Vince Sumpter
Batting: RHB Gary Preston 0-0: Ball
1-0: Ball
2-0: Ball
3-0: Base on Balls
Batting: LHB Danny Roberts 0-0: Ball
1-0: Ball
2-0: SINGLE (Groundball, 4S, EV 66.2 MPH) (infield hit)
Gary Preston to second
Batting: LHB Bryan Davidson 0-0: Ball
1-0: Called Strike
1-1: Ball
2-1: Foul Ball, location: 2F
2-2: Ball
3-2: Base on Balls
Gary Preston to third
Danny Roberts to second
Batting: RHB John Van der Linden 0-0: Ball
1-0: Foul Ball, location: 2F
1-1: Swinging Strike
1-2: Foul Ball, location: 2F
1-2: Ball
2-2: Foul Ball, location: 2F
2-2: Foul Ball, location: 2F
2-2: Ball
3-2: Grounds into double play, 4-6-3 (Groundball, 4, EV 80.0 MPH)
Gary Preston scores
Danny Roberts to third
Pitching: RHP Alex Aldaya
Batting: RHB Joe Gabriel 0-0: Foul Ball, location: 2F
0-1: Ball
1-1: Fly out, F9 (Line Drive, 9LS, EV 93.8 MPH)
Bottom of the 9th over - 1 run, 1 hit, 0 errors, 1 left on base; University of North Carolina at Chapel Hill 6 - Stanford University 4
Sunday, July 16th , 2023 - OOTP Baseball 24.6 Build 69